 Dungeon Crawl Stone Soup version 0.29-a0-563-g64e4043184 (webtiles) character file.

Game seed: 5213519475034981719

45 vulpzor the Twirler (level 3, 0/28 HPs)
             Began as a Gnoll Wanderer on June 11, 2022.
             Was a Believer of Uskayaw.
             Slain by Ijyb
             ... wielding a +0 dagger
              (8 damage)
             ... on level 3 of the Dungeon.
             The game lasted 00:05:09 (1465 turns).

vulpzor the Twirler (Gnoll Wanderer)                Turns: 1465, Time: 00:05:10

Health: 0/28       AC: 11    Str: 15    XL:     3   Next: 64%
Magic:  4/4        EV:  4    Int:  9    God:    Uskayaw [**....]
Gold:   49         SH:  0    Dex: 11    Spells: 3/3 levels left

rFire   . . .      SeeInvis .   a - +2 quarterstaff
rCold   . . .      Faith    .   (shield currently unavailable)
rNeg    . . .      Spirit   .   n - +0 plate armour
rPois   .          Reflect  .   (no helmet)
rElec   .          Harm     .   (no cloak)
rCorr   .          Rampage  .   (no gloves)
Will    .....                   (no boots)
Stlth   ..........              (no amulet)
HPRegen 0.09/turn               (no ring)
MPRegen 0.09/turn               (no ring)

@: no status effects
A: fangs 1, strong nose, distributed training
a: Renounce Religion, Stomp, Line Pass


You were on level 3 of the Dungeon.
You worshipped Uskayaw.
Uskayaw was noncommittal.
You visited 1 branch of the dungeon, and saw 3 of its levels.

You collected 49 gold pieces.

Inventory:

Hand Weapons
 a - a +2 quarterstaff (weapon)
 b - a +0 hand axe
Missiles
 e - 3 atropa-tipped darts (quivered)
Armour
 c - a +0 scale mail
 n - a +0 plate armour (worn)
Magical Staves
 j - a staff of earth
Scrolls
 d - a scroll of teleportation
 g - a scroll of enchant armour {unknown}
 h - 2 scrolls of poison {unknown}
 l - a scroll of immolation {unknown}
 m - a scroll of enchant weapon {unknown}
 o - a scroll of fear {unknown}
Potions
 f - a potion of mutation {unknown}
 i - a potion of attraction {unknown}
 k - 2 potions of curing {unknown}


   Skills:
 + Level 2.6 Fighting
 + Level 0.9 Short Blades
 + Level 0.9 Long Blades
 + Level 6.5 Axes
 + Level 0.9 Maces & Flails
 + Level 0.9 Polearms
 + Level 6.5 Staves
 + Level 0.9 Slings
 + Level 0.9 Bows
 + Level 0.9 Crossbows
 + Level 0.9 Throwing
 + Level 2.6 Armour
 + Level 2.6 Dodging
 + Level 2.4 Stealth
 + Level 0.9 Shields
 + Level 0.9 Unarmed Combat
 + Level 0.9 Spellcasting
 + Level 0.6 Conjurations
 + Level 0.6 Hexes
 + Level 0.6 Summonings
 + Level 0.6 Necromancy
 + Level 0.6 Translocations
 + Level 0.6 Transmutations
 + Level 0.6 Fire Magic
 + Level 0.6 Ice Magic
 + Level 0.6 Air Magic
 + Level 0.6 Earth Magic
 + Level 0.6 Poison Magic
 + Level 1.0 Invocations
 + Level 0.9 Evocations


You had 3 spell levels left.
You didn't know any spells.
Your spell library was empty.

Dungeon Overview and Level Annotations

Branches:
Dungeon (3/15)

Altars:
Uskayaw

Annotations:
D:3 Ijyb


Innate Abilities, Weirdness & Mutations

You have very sharp teeth.
Your uncanny sense of smell can sniff out nearby items.
Your experience applies equally to all skills.


Message History

You hit Ijyb.
Ijyb is heavily wounded.
Ijyb hits you but does no damage.
You can now pass through a line of other dancers.
You barely miss Ijyb.
Ijyb is heavily wounded.
Ijyb hits you but does no damage. Ijyb hits you with a +0 dagger.
You sock Ijyb!
Ijyb is severely wounded.
Ijyb hits you with a +0 dagger.
You closely miss Ijyb.
Ijyb is severely wounded.
Ijyb hits you but does no damage. x2
You hit Ijyb but do no damage.
Ijyb is severely wounded.
Ijyb hits you but does no damage.
You hit Ijyb.
Ijyb is almost dead.
Ijyb hits you but does no damage. x2
You closely miss Ijyb. Your bite misses Ijyb.
Ijyb is almost dead.
Ijyb barely misses you.
You closely miss Ijyb.
Ijyb is severely wounded.
Ijyb hits you with a +0 dagger. Ijyb hits you but does no damage.
You are too injured to fight recklessly!
You are too injured to fight recklessly!
You are too injured to fight recklessly!
You are too injured to fight recklessly!
You are too injured to fight recklessly!
You are too injured to fight recklessly!
You barely miss Ijyb.
Ijyb is severely wounded.
Ijyb barely misses you.
You hit Ijyb.
Ijyb is almost dead.
Ijyb hits you with a +0 dagger.
* * * LOW HITPOINT WARNING * * *
Ijyb hits you with a +0 dagger!
You die...

#. #. #.. # .##.##..
##. #....... #.. ..
#.......
#.####..###.......
##.................
#.g..# #.......
##.@##### #....†#<
#.......#####...)†..
##................†##
#.........##.#.....#
#............#.....#
###.....#####.#.####
#....##∆∆ ##..#
##....# #..# ##.....#
#..#


You could see Ijyb (berserk).

Vanquished Creatures
  2 adders
  A worm (D:3)
  4 goblins
  5 hobgoblins
  4 ball pythons
  3 bats
  A frilled lizard (D:1)
  4 kobolds
  2 rats
26 creatures vanquished.

Notes
Turn   | Place    | Note
-------+----------+-------------------------------------------
     0 | D:1      | vulpzor the Gnoll Wanderer began the quest for the Orb.
     0 | D:1      | vulpzor set off with the following items: a +2
                  | quarterstaff, a +0 hand axe, a +0 scale mail, a scroll of
                  | teleportation
     0 | D:1      | Reached XP level 1. HP: 17/17 MP: 1/1
   288 | D:1      | Found a faded altar of an unknown god.
   293 | D:1      | Prayed at the altar of an unknown god.
   293 | D:1      | Became a worshipper of Uskayaw the Reveller
   293 | D:1      | Reached * piety under Uskayaw
   365 | D:1      | Reached XP level 2. HP: 22/23 MP: 2/2
   887 | D:2      | Reached ** piety under Uskayaw
   969 | D:2      | Reached XP level 3. HP: 28/28 MP: 3/3
  1324 | D:3      | Reached skill level 1 in Invocations
  1327 | D:3      | Reached *** piety under Uskayaw
  1445 | D:3      | Noticed Ijyb
  1447 | D:3      | Paralysed by Ijyb for 3 turns
  1465 | D:3      | Slain by Ijyb

Illustrated notes

Levels and vault maps discovered:
D:1:      dpeg_arrival_long_road, layout_loops_cross,
          shapermc_ecumenical_altar_hornbeckon
D:2:      layout_basic
D:3:      layout_rooms, mainiacjoe_overflow_two_lobes, serial_shops,
          nicolae_lakefront_shop, minmay_joined_circles, uniq_ijyb

Skill      XL: |  1  2  3 |
---------------+----------+-----
Invocations    | 1 |  1.0
Fighting       | |  2.6
Short Blades   | |  0.9
Long Blades    | |  0.9
Axes           | |  6.5
Maces & Flails | |  0.9
Polearms       | |  0.9
Staves         | |  6.5
Slings         | |  0.9
Bows           | |  0.9
Crossbows      | |  0.9
Throwing       | |  0.9
Armour         | |  2.6
Dodging        | |  2.6
Stealth        | |  2.4
Shields        | |  0.9
Unarmed Combat | |  0.9
Spellcasting   | |  0.9
Conjurations   | |  0.6
Hexes          | |  0.6
Summonings     | |  0.6
Necromancy     | |  0.6
Translocations | |  0.6
Transmutations | |  0.6
Fire Magic     | |  0.6
Ice Magic      | |  0.6
Air Magic      | |  0.6
Earth Magic    | |  0.6
Poison Magic   | |  0.6
Evocations     | |  0.9

Action                   || total
-------------------------++-------
Melee: Quarterstaff      ||    70
       Bite              ||     2
 Stab: Paralysed         ||     1
Armor: Scale mail        ||    19
       Plate armour      ||    13
Dodge: Dodged            ||    23

Table legend: (Time is in decaauts)
 A = Elapsed time spent in this place.
 B = Non-inter-level travel time spent in this place.
 C = Inter-level travel time spent in this place.
 D = Time resting spent in this place.
 E = Time spent auto-exploring this place.
 F = Levels seen in this place.
 G = Mean time per level.
                   A        B        C        D        E       F      G
               +--------+--------+--------+--------+--------+-----+--------+
         Total |   1469 |   1469 |      0 |      0 |   1157 |   3 |  489.7 |
       Dungeon |   1469 |   1469 |      0 |      0 |   1157 |   3 |  489.7 |
               +--------+--------+--------+--------+--------+-----+--------+

Top non-repeatable levels by time:
     D:1: 713 daAuts
     D:2: 607 daAuts
     D:3: 149 daAuts
